 Dungeon Crawl Stone Soup version 0.28.0-53-g5a82cb258f (webtiles) character file.

Game seed: 11977536871696014950

28 Stomo the Skirmisher (level 2, -32/27 HPs)
             Began as a Draconian Monk on July 13, 2022.
             Killed by an exploding adder (38 damage)
             ... ignited by their inner flame
             ... on level 2 of the Dungeon.
             The game lasted 00:01:13 (944 turns).

Stomo the Skirmisher (Draconian Monk)                Turns: 944, Time: 00:01:14

Health: -32/27     AC:  4    Str: 13    XL:     2   Next: 96%
Magic:  2/2        EV: 13    Int: 10    God:
Gold:   30         SH:  0    Dex: 13    Spells: 1/1 levels left

rFire   . . .      SeeInvis .   c - +0 whip
rCold   . . .      Faith    .   (no shield)
rNeg    . . .      Spirit   .   (armour unavailable)
rPois   .          Reflect  .   (helmet restricted)
rElec   .          Harm     .   (no cloak)
rCorr   .          Rampage  .   (no gloves)
Will    .....                   (no boots)
Stlth   ++........              (no amulet)
HPRegen 0.09/turn               (no ring)
MPRegen 0.08/turn               (no ring)

@: no status effects
A: AC +4, unfitting armour, cold-blooded
a: no special abilities


You were on level 2 of the Dungeon.
You visited 1 branch of the dungeon, and saw 2 of its levels.

You collected 30 gold pieces.

Inventory:

Hand Weapons
 a - a +0 mace
 c - a +0 whip (weapon)
Scrolls
 b - 3 scrolls of teleportation
 e - a scroll of immolation


   Skills:
 + Level 3.7 Fighting
 + Level 3.4 Maces & Flails
 + Level 3.1 Dodging
 - Level 1.7 Stealth


You had one spell level left.
You didn't know any spells.
Your spell library was empty.

Dungeon Overview and Level Annotations

Branches:
Dungeon (2/15)

Altars:

Shops:
D:1 *


Innate Abilities, Weirdness & Mutations

Your plain brown scales are hard. (AC +4)
You cannot fit into any form of body armour.
You are cold-blooded and may be slowed by cold attacks.


Message History

The adder hisses angrily.
The adder bites you.
You are poisoned.
The adder poisons you!
You barely miss the adder.
You feel sick. The adder bites you but does no damage.
You closely miss the adder. The adder barely misses you. The adder bites you.
You are more poisoned.
The adder poisons you!
You hit the adder.
Your tail-slap misses the adder.
The adder is lightly wounded.
You feel sick. The adder barely misses you.
You hit the adder. Your punch misses the adder.
The adder is moderately wounded.
You feel sick. The adder misses you.
You barely miss the adder.
Your tail-slap misses the adder.
The adder is moderately wounded.
You feel sick. The adder barely misses you.
Unknown command.
You aren't carrying any potions.
As you read the scroll labelled CABLESE YZAI, it crumbles to dust.
It is a scroll of enchant armour.
You aren't carrying any armour which can be enchanted further.
You feel sick. The adder bites you.
As you read the scroll labelled CAH SUNEISS, it crumbles to dust.
The creatures around you are filled with an inner flame!
It was a scroll of immolation.
You feel sick. The adder barely misses you. The adder bites you.
You feel sick.
You feel sick.
You feel sick.
You are no longer poisoned.
There is a stone staircase leading up here.
You hit the adder.
Flame seeps out of the adder.
The adder is moderately wounded.
The adder is engulfed in blazing flames.
The adder explodes!
The fiery explosion engulfs you!!!
Ouch! That really hurt!
You die...

#.# #.# #.# #
#.# #.. #.#
#.##.## #...§§#
#.##○§##.#
#..@§§...#
#....#####
#....# #....#
#....#
########.#..#
......$†.#..####
.....#...#......
##.........>####


There were no monsters in sight!

Vanquished Creatures
  An adder (D:2)
  3 ball pythons (D:1)
  4 bats
  3 endoplasms
  A giant cockroach (D:1)
  6 goblins (D:1)
  3 hobgoblins (D:1)
  A quokka (D:1)
  2 frilled lizards (D:1)
  2 kobolds (D:1)
26 creatures vanquished.

Notes
Turn   | Place    | Note
-------+----------+-------------------------------------------
     0 | D:1      | Stomo the Draconian Monk began the quest for the Orb.
     0 | D:1      | Reached XP level 1. HP: 19/19 MP: 1/1
   265 | D:1      | Reached XP level 2. HP: 23/26 MP: 2/2
   366 | D:1      | Found Kakhepy's Assorted Antiques.
   741 | D:1      | Found a faded altar of an unknown god.
   944 | D:2      | Killed by an exploding adder... ignited by their inner
                  | flame

Illustrated notes

Levels and vault maps discovered:
D:1:      nicolae_arrival_somewhat_less_tricky_arrival, layout_rooms,
          serial_shops, nicolae_shop_stone, nicolae_ecumenical_snake_handling
D:2:      layout_basic

Skill      XL: |  1  2 |
---------------+-------+-----
Dodging        | 3 |  3.1
Fighting       | |  3.7
Maces & Flails | |  3.4
Stealth        | |  1.7

Action                   || total
-------------------------++-------
Melee: Mace              ||    45
       Tailslap          ||    12
       Punch             ||     4
       Whip              ||    34
  Use: Scroll            ||     3
       Potion            ||     2
Armor: Skin              ||    59
Dodge: Dodged            ||    95
